 Dungeon Crawl Stone Soup version 0.29.1-15-g9cfb28693d (webtiles) character file.

Game seed: 13435148612626019345

74545 firemarshallily the Devastator (level 15, -16/97 HPs)
             Began as a Gargoyle Earth Elementalist on Apr 20, 2023.
             Was a Priest of Uskayaw.
             Demolished by a boulder beetle (47 damage)
             ... on level 14 of the Dungeon on May 3, 2023.
             The game lasted 02:05:45 (31945 turns).

firemarshallily the Devastator (GrEE)              Turns: 31945, Time: 02:05:46

Health: -16/97     AC: 35    Str: 16    XL:     15   Next: 47%
Magic:  4/33       EV: 10    Int: 26    God:    Uskayaw [***...]
Gold:   1236       SH:  0    Dex: 14    Spells: 2/43 levels left

rFire   . . .      SeeInvis +   H - +4 trident (venom)
rCold   + . .      Faith    .   (no shield)
rNeg    + + .      Spirit   .   J - +7 Kryia's mail coat {PotionHeal*2 rC+}
rPois   ∞          Reflect  .   p - +2 helmet
rElec   +          Harm     .   f - +2 cloak
rCorr   .          Rampage  .   (no gloves)
Will    .....                   X - +2 pair of boots
Stlth   +.........              G - amulet of magic regeneration
HPRegen 0.26/turn               B - ring of wizardry
MPRegen 0.63/turn               j - ring "Peliwikh" {rN+ Will- Int+7 Dex+4 SInv}

@: flying
A: sickness immunity, AC +11, big wings, negative energy resistance 1,
electricity resistance, torment resistance 1, petrification resistance
a: Renounce Religion, Stomp, Line Pass


You were on level 14 of the Dungeon.
You worshipped Uskayaw.
Uskayaw was noncommittal.
You visited 4 branches of the dungeon, and saw 22 of its levels.
You also visited: Sewer and Ossuary.

You collected 3631 gold pieces.
You spent 2395 gold pieces at shops.

Inventory:

Hand Weapons
 H - a +4 trident of venom (weapon)
Missiles
 c - 162 stones
 d - 19 boomerangs (quivered)
 o - 21 poisoned darts
 A - 3 boomerangs of dispersal
 S - a throwing net
Armour
 e - a +3 leather armour of cold resistance
 f - a +2 cloak (worn)
 p - a +2 helmet (worn)
 J - the +7 Kryia's mail coat (worn) {PotionHeal*2 rC+}
   (You acquired it on level 5 of the Dungeon)

   Potions are twice as effective at healing its wearer.
   rC:        It protects you from cold.
 X - a +2 pair of boots (worn)
 Z - a +0 buckler
Jewellery
 j - the ring "Peliwikh" (right hand) {rN+ Will- Int+7 Dex+4 SInv}
   (You bought it in a shop on level 2 of the Orcish Mines)

   [ring of positive energy]

   Int:       It affects your intelligence (+7).
   Dex:       It affects your dexterity (+4).
   rN:        It protects you from negative energy.
   SInv:      It lets you see invisible.
   Will:      It decreases your willpower.
 y - a ring of wizardry
 B - a ring of wizardry (left hand)
 G - an amulet of magic regeneration (around neck)
 K - a ring of fire
 L - an amulet of reflection
 N - a +4 ring of protection
 Q - a ring of protection from cold
Wands
 r - a wand of quicksilver (13)
 P - a wand of charming (29)
 R - a wand of digging (3)
 V - a wand of iceblast (11)
 W - a wand of flame (23)
Scrolls
 a - a scroll of amnesia
 i - 5 scrolls of immolation
 k - 2 scrolls of blinking
 n - 6 scrolls of fog
 q - 5 scrolls of poison
 u - 3 scrolls of fear
 v - 7 scrolls of teleportation
 w - 4 scrolls of summoning
 x - a scroll of enchant armour
 F - 2 scrolls of vulnerability
 I - 2 scrolls of magic mapping
 M - 3 scrolls of torment
 T - 4 scrolls of silence
Potions
 b - 3 potions of magic
 g - 2 potions of berserk rage
 h - 5 potions of curing
 l - 2 potions of mutation
 m - 3 potions of heal wounds
 s - 5 potions of lignification
 t - a potion of invisibility
 z - a potion of ambrosia {unknown}
 C - 5 potions of attraction
 D - 3 potions of might
 E - 5 potions of resistance
 O - 4 potions of haste
 U - 2 potions of brilliance


   Skills:
 + Level 12.4 Fighting
 - Level 8.3 Polearms
 - Level 6.0 Armour
 - Level 1.5 Dodging
 - Level 2.1 Stealth
 * Level 14.9 Spellcasting
 + Level 16.1 Conjurations
 - Level 1.5 Transmutations
 + Level 13.5 Earth Magic


You had 2 spell levels left.
You knew the following spells:

 Your Spells              Type           Power      Damage    Failure   Level
a - Sandblast             Erth           100%       2d20      1%          1
b - Stone Arrow           Conj/Erth      100%       3d13      1%          3
c - Passwall              Tmut/Erth      45%        N/A       1%          2
d - Lightning Bolt        Conj/Air       28%        1d45      3%          5
e - Leda's Liquefaction   Hex/Erth       26%        N/A       2%          4
f - Fulminant Prism       Conj/Hex       28%        3d14      1%          4
g - Lee's Rapid Deconstr  Erth           37%        3d19*     1%          5
h - Petrify               Tmut/Erth      55%        N/A       1%          4
i - Irradiate             Conj/Tmut      30%        3d21      2%          5
j - Lehudib's Crystal Sp  Conj/Erth      38%        10d10     45%         8

Your spell library contained the following spells:

 Spells                   Type           Power      Damage    Failure   Level
 Shock                    Conj/Air       100%       1d9       1%          1
 Summon Small Mammal      Summ           76%        N/A       3%          1
 Ensorcelled Hibernation  Hex/Ice        38%        N/A       6%          2
 Iskenderun's Mystic Bla  Conj/Tloc      57%        2d12      1%          4
 Animate Armour           Summ/Erth      100%       N/A       2%          4
 Call Canine Familiar     Summ           19%        N/A       11%         3
 Portal Projectile        Hex/Tloc       38%        N/A       11%         3
 Summon Guardian Golem    Hex/Summ       19%        N/A       11%         3
 Swiftness                Air            19%        N/A       11%         3
 Tukima's Dance           Hex            19%        N/A       11%         3
 Vampiric Draining        Necr           19%        2d7       11%         3
 Freezing Cloud           Conj/Ice/Air   23%        6-21      11%         5
 Airstrike                Air            9%         2d(2-18)  32%         4
 Corpse Rot               Necr/Pois/Air  19%        N/A       32%         4
 Dispel Undead            Necr           19%        3d11      32%         4
 Summon Lightning Spire   Summ/Air       19%        N/A       32%         4
 Silence                  Hex/Air        9%         N/A       65%         5
 Summon Forest            Summ/Tloc      9%         N/A       65%         5
 Eringya's Noxious Bog    Tmut/Pois      11%        N/A       98%         6
 Simulacrum               Ice/Necr       9%         N/A       99%         6
 Summon Hydra             Summ           9%         N/A       100%        7
 Chain Lightning          Conj/Air       28%        3d38      100%        9
 Polar Vortex             Ice            9%         N/A       100%        9
 Sublimation of Blood     Necr           Unusable   N/A       N/A         2

Dungeon Overview and Level Annotations

Branches:
Dungeon (14/15)            Temple (1/1) D:7            Lair (5/5) D:9
 Shoals (0/4) Lair:2       Spider (0/4) Lair:3        Slime (0/5) Lair:5
    Orc (2/2) D:10            Elf (0/3) Orc:2         Sewer (visited)
Ossuary (visited)
 Vaults: D:13-14

Altars:
Ashenzari
Cheibriados
Dithmenos
Elyvilon
Fedhas
Gozag
Hepliaklqana
Kikubaaqudgha
Makhleb
Nemelex Xobeh
Okawaru
Qazlal
Ru
Sif Muna
Trog
Uskayaw
Vehumet
Wu Jian
Xom
Yredelemnul
Zin
The Shining One
Jiyva

Shops:
D:7 *   D:13 ?   D:14 =   Orc:1 *   Orc:2 :=*[

Annotations:
D:2 Sigmund
D:8 2 transporters, Yogidamonk's ghost, novice GrEE
Lair:4 1 runed translucent door, Exagres's ghost, journeyman DgIE
Orc:2 2 transporters, Kazon's ghost, adept DsFi


Innate Abilities, Weirdness & Mutations

You are immune to sickness and miasma.
Your stone body is resilient. (AC +11)
You are immune to poison.
Your large and strong wings let you fly.
You resist negative energy. (rN+)
You are resistant to electric shocks. (rElec)
You are resistant to unholy torment.
You are immune to petrification.


Message History

A troll comes into view.
Casting: Lee's Rapid Deconstruction (mildly dangerous; 1% risk of failure)
Confirm with . or Enter, or press ? or * to list all spells.
You don't have enough magic to cast this spell.
As you read the scroll of teleportation, it crumbles to dust.
You feel strangely unstable.
The tengu changes into a rime drake!
The five-headed hydra bites you! The five-headed hydra misses you.
The five-headed hydra bites you but does no damage.
The five-headed hydra misses you.
The five-headed hydra bites you but does no damage.
Unknown command.
Casting: Lee's Rapid Deconstruction (mildly dangerous; 1% risk of failure)
Confirm with . or Enter, or press ? or * to list all spells.
Aiming: Stone Arrow (safe; 1% risk of failure)
Press: ? - help, Shift-Dir - straight line, f - vault guard
Aim: a vault guard, wielding a +0 long sword and wearing a +0 chain mail (severely wounded, 75% to hit)
The stone arrow hits the five-headed hydra!!
You kill the five-headed hydra!
The rime drake changes into a wyvern!
The centaur warrior hits you!
* * * LOW HITPOINT WARNING * * *
The centaur warrior kicks you but does no damage.
Uskayaw will force your foes to helplessly watch your dance.
Uskayaw prepares the audience for your solo!
The helpless centaur warrior fails to defend itself.
You impale the centaur warrior!!
The centaur warrior is poisoned.
The centaur warrior is heavily wounded.
The vault guard is no longer paralysed. x3
The centaur warrior is no longer paralysed.
The centaur warrior barely misses you. The centaur warrior closely misses you.
You hit the centaur warrior but do no damage.
The centaur warrior looks as sick as possible!
You punch the centaur warrior, but do no damage.
The centaur warrior is heavily wounded.
Your surroundings suddenly seem different.
A boulder beetle comes into view.
Found a potion of mutation.
Found an escape hatch in the floor.
The boulder beetle curls into a ball and begins rolling!
You reach down and open the door.
The boulder beetle hits you!!!
You die...

#........# ###.....##
#####)#### #########
#..#...## #.......#
####)#.....# #...°...#
#..†)#..∩..# #..°....#
###.##.#.....## #.○..!..#
....##..#...#..##B......#
######...###....@.......#
# #.......####......>#
#.....### #.......#
#.....# #.......# ##+####
#.......# #.......#
#####+###


You could see a boulder beetle (rolling).

Vanquished Creatures
  Kirke (D:12)
  Snorg (Orc:2)
  A fire dragon (Lair:5)
  3 boulder beetles
  An ogre mage (D:13)
  5 hydras
  Erica (D:8)
  2 centaur warriors (D:14)
  8 two-headed ogres
  8 death yaks
  A tengu warrior (D:14)
  4 orc high priests
  A sixfirhy (D:13)
  Lodul (D:10)
  Pikel (D:5)
  3 lindwurms
  An ugly thing (D:11)
  6 orc knights (Orc:2)
  Maurice (D:9)
  7 orc sorcerers
  4 cyclopes
  3 manticores
  3 molten gargoyles (Lair:5)
  6 elephants
  A torpor snail (Lair:2)
  7 black mambas
  A cane toad (shapeshifter) (D:14)
  14 cane toads
  A gargoyle (D:12)
  An unseen horror (D:10)
  A kobold demonologist (D:11)
  4 rime drakes
  10 komodo dragons
  An unseen horror zombie (D:8)
  6 trolls
  4 polar bears
  4 meliai
  A slime creature (D:14)
  Grinder (D:6)
  A hornet (D:10)
  Prince Ribbit (D:7)
  10 blink frogs
  3 wraiths
  29 yaks
  6 wyverns
  2 humans (D:12)
  3 hogs
  Eustachio (D:4)
  5 basilisks
  5 vampire mosquitoes
  Edmund (D:6)
  3 steam dragons
  4 wargs (Orc:2)
  4 hell hounds (Lair:5)
  7 water moccasins
  Pargi (Sewer)
  A black bear (D:8)
  32 orc warriors
  An ice beast (D:5)
  2 sky beasts
  A hornet zombie (D:8)
  12 ogres
  16 wolves
  12 centaurs
  A phantom (D:6)
  4 lemures (D:5)
  2 kobold brigands
  11 bullfrogs
  3 necrophages
  4 gnoll sergeants
  2 wyvern zombies (D:8)
  6 killer bees
  5 howler monkeys
  3 centaur zombies (D:8)
  5 lava snakes (Lair:5)
  21 orc priests
  A human zombie (D:8)
  Crazy Yiuf (D:6)
  4 hounds
  2 jellies
  Jessica (D:3)
  Natasha (thrice) (D:2)
  14 iguanas (Lair:1)
  36 orc wizards
  7 hell rats (Lair:4)
  A killer bee zombie (D:8)
  2 mummies (Ossuary)
  A howler monkey zombie (D:8)
  Robin (D:2)
  20 gnolls
  10 adders
  A shadow imp (D:6)
  3 white imps
  2 worms
  5 dart slugs
  76 orcs
  2 endoplasms
  6 giant cockroaches
  3 gnoll zombies (Ossuary)
  13 goblins
  7 hobgoblins
  7 jackals
  5 quokkas
  9 ball pythons
  8 bats
  23 frilled lizards
  A goblin zombie (Ossuary)
  4 hobgoblin zombies (Ossuary)
  17 kobolds
  6 orc zombies (Ossuary)
  8 rats
670 creatures vanquished.

Vanquished Creatures (others)
  Psyche (D:9)
  54 fulminant prisms
  24 fungi
  44 plants
123 creatures vanquished.

Grand Total: 793 creatures vanquished

Notes
Turn   | Place    | Note
-------+----------+-------------------------------------------
     0 | D:1      | firemarshallily the Gargoyle Earth Elementalist began the
                  | quest for the Orb.
     0 | D:1      | Reached XP level 1. HP: 10/10 MP: 3/3
   241 | D:1      | Reached XP level 2. HP: 15/15 MP: 3/5
   261 | D:1      | Found a faded altar of an unknown god.
   282 | D:1      | Prayed at the altar of an unknown god.
   282 | D:1      | Became a worshipper of Uskayaw the Reveller
   282 | D:1      | Reached * piety under Uskayaw
   299 | D:1      | Reached ** piety under Uskayaw
   303 | D:1      | Reached skill level 1 in Transmutations
   641 | D:1      | Reached *** piety under Uskayaw
   642 | D:1      | Reached XP level 3. HP: 20/20 MP: 1/6
   867 | D:2      | Reached skill level 1 in Fighting
   879 | D:2      | Noticed Robin
  1255 | D:1      | Learned a level 3 spell: Stone Arrow
  1258 | D:1      | Learned a level 2 spell: Passwall
  1700 | D:2      | Noticed Sigmund
  1848 | D:2      | Reached XP level 4. HP: 25/25 MP: 5/8
  1972 | D:2      | Noticed Natasha
  2389 | D:2      | Killed Robin
  3018 | D:2      | Killed Natasha
  3178 | D:2      | Reached XP level 5. HP: 27/30 MP: 9/9
  3291 | D:2      | Noticed Natasha
  3299 | D:2      | Killed Natasha
  3491 | D:2      | Noticed Natasha
  3495 | D:2      | Killed Natasha
  3496 | D:2      | Reached skill level 1 in Conjurations
  3496 | D:2      | Reached skill level 5 in Earth Magic
  3644 | D:3      | Found a glowing drain.
  3744 | Sewer    | Entered a sewer
  3894 | Sewer    | Noticed Pargi
  3934 | Sewer    | Reached **** piety under Uskayaw
  3981 | Sewer    | Killed Pargi
  3982 | Sewer    | Reached XP level 6. HP: 10/36 MP: 1/11
  5053 | D:3      | Noticed Jessica
  5057 | D:3      | Killed Jessica
  5108 | D:3      | Found a bloodstained altar of Trog.
  5108 | D:3      | Found a glowing silver altar of Zin.
  5581 | D:4      | Found a shadowy altar of Dithmenos.
  5586 | D:4      | Reached skill level 2 in Conjurations
  5586 | D:4      | Reached XP level 7. HP: 40/40 MP: 8/13
  5638 | D:4      | Found a stormy altar of Qazlal.
  6428 | D:4      | Noticed Eustachio
  6452 | D:4      | Killed Eustachio
  6453 | D:4      | Reached skill level 3 in Conjurations
  6980 | D:5      | Entered Level 5 of the Dungeon
  7034 | D:5      | Reached skill level 5 in Spellcasting
  7034 | D:5      | Reached XP level 8. HP: 44/47 MP: 15/15
  7053 | D:5      | Found a sand-covered staircase.
  7062 | Ossuary  | Entered an ossuary
  7613 | D:5      | Identified a scroll of acquirement
  7614 | D:5      | Acquired the +7 Kryia's mail coat {PotionHeal*2 rC+}
  7614 | D:5      | Found the +7 Kryia's mail coat {PotionHeal*2 rC+}
  7790 | D:5      | Reached skill level 4 in Conjurations
  7864 | D:5      | Noticed Pikel
  7877 | D:5      | Reached ***** piety under Uskayaw
  7879 | D:5      | Killed Pikel
  7880 | D:5      | Reached skill level 5 in Conjurations
  8058 | D:5      | Noticed a yak
  8059 | D:5      | Noticed a yak
  8061 | D:5      | Noticed a yak
  8062 | D:5      | Noticed a yak
  8063 | D:5      | Noticed a yak
  8064 | D:5      | Killed a yak
  8065 | D:5      | Reached XP level 9. HP: 53/53 MP: 14/18
  8069 | D:5      | Reached skill level 5 in Fighting
  8072 | D:5      | Reached skill level 6 in Conjurations
  8322 | D:5      | Found a hide-covered altar of Uskayaw.
  8417 | D:6      | Reached skill level 1 in Armour
  8551 | D:6      | Noticed Edmund
  8555 | D:6      | Killed Edmund
  8556 | D:6      | Reached skill level 7 in Conjurations
  8581 | D:6      | Noticed Grinder
  8592 | D:6      | Killed Grinder
  8673 | D:6      | Found a white marble altar of Elyvilon.
  8713 | D:6      | Found a runed translucent door.
  8714 | D:6      | Noticed Crazy Yiuf
  8751 | D:6      | Found a sacrificial altar of Ru.
  9177 | D:6      | Reached XP level 10. HP: 60/60 MP: 15/21
  9303 | D:6      | Killed Crazy Yiuf
  9563 | D:7      | Found Qunkiuw's Elemental Accessories.
  9695 | D:7      | Found a staircase to the Ecumenical Temple.
  9698 | D:7      | Noticed Prince Ribbit
  9713 | D:7      | Killed Prince Ribbit
  9781 | D:7      | Found a blossoming altar of Fedhas.
 10197 | Temple   | Entered the Ecumenical Temple
 10423 | D:8      | Got the Catalogue of Interference
 10431 | D:8      | Reached skill level 8 in Conjurations
 10497 | D:8      | Noticed Erica
 10504 | D:8      | Killed Erica
 10505 | D:8      | Reached skill level 10 in Earth Magic
 10688 | D:8      | Identified the +0 cloak of Qiogrugh {rC+ Int-4 Dex+6}
 10724 | D:8      | Found a transporter.
 10730 | D:8      | Found a transporter.
 10731 | D:8      | Found a bloodstained altar of Trog.
 10850 | D:8      | Reached skill level 5 in Armour
 11176 | D:8      | Noticed Yogidamonk's ghost (novice GrEE)
 11439 | D:8      | Found a basalt altar of Yredelemnul.
 11533 | D:8      | Noticed a moth of wrath
 11540 | D:8      | Reached skill level 9 in Conjurations
 11909 | D:9      | Found a shimmering blue altar of Sif Muna.
 11909 | D:9      | Found a sparkling altar of Nemelex Xobeh.
 11920 | D:9      | Noticed Psyche
 11925 | D:9      | Killed Psyche
 11927 | D:9      | Reached XP level 11. HP: 67/67 MP: 6/23
 11986 | D:9      | Found an ornate altar of the Wu Jian Council.
 11987 | D:9      | Acquired the Folio of the Evil Wind
 11989 | D:9      | Noticed Maurice
 12022 | D:9      | Killed Maurice
 12213 | D:9      | Found a staircase to the Lair.
 12374 | D:9      | Reached skill level 10 in Conjurations
 12448 | D:10     | Entered Level 10 of the Dungeon
 12639 | D:10     | Found a staircase to the Orcish Mines.
 13040 | D:10     | Found an iron altar of Okawaru.
 13146 | D:10     | Reached skill level 1 in Polearms
 13151 | D:10     | Noticed Lodul
 13159 | D:10     | Killed Lodul
 13162 | D:10     | Reached ****** piety under Uskayaw
 13478 | D:10     | Noticed a two-headed ogre
 13491 | D:10     | Killed a two-headed ogre
 13492 | D:10     | Reached skill level 10 in Spellcasting
 13799 | D:10     | Noticed a two-headed ogre
 13809 | D:10     | Killed a two-headed ogre
 13810 | D:10     | Reached skill level 11 in Conjurations
 14097 | D:11     | Noticed a five-headed hydra
 14105 | D:11     | Killed a five-headed hydra
 14310 | D:11     | Noticed a brown ugly thing
 14316 | D:11     | Killed a brown ugly thing
 14317 | D:11     | Reached XP level 12. HP: 55/75 MP: 15/26
 14905 | D:11     | Noticed a two-headed ogre
 14910 | D:11     | Killed a two-headed ogre
 14922 | D:11     | Noticed a boulder beetle
 14938 | D:11     | Killed a boulder beetle
 15672 | D:11     | Reached skill level 12 in Conjurations
 15862 | D:12     | Noticed Kirke
 15875 | D:12     | Killed Kirke
 16266 | D:12     | Noticed a four-headed hydra
 16274 | D:12     | Killed a four-headed hydra
 16823 | D:12     | Noticed a two-headed ogre
 16828 | D:12     | Killed a two-headed ogre
 17018 | D:12     | Identified the +2 hat of the Eagle {Rampage Fly rN+ Dex-4}
 17280 | Lair:1   | Entered Level 1 of the Lair of Beasts
 17323 | Lair:1   | Noticed a seven-headed hydra
 17327 | Lair:1   | Killed a seven-headed hydra
 17467 | Lair:1   | Reached XP level 13. HP: 80/80 MP: 22/28
 17535 | Lair:1   | Reached skill level 13 in Conjurations
 17635 | Lair:1   | Reached skill level 5 in Polearms
 18258 | Lair:1   | Reached skill level 10 in Fighting
 18553 | Lair:2   | Found a staircase to the Shoals.
 19151 | Lair:2   | Learned a level 5 spell: Lightning Bolt
 19156 | Lair:2   | Learned a level 4 spell: Leda's Liquefaction
 20200 | Lair:2   | Reached skill level 14 in Conjurations
 21412 | Lair:3   | Found a hole to the Spider Nest.
 22129 | Lair:4   | Noticed Exagres's ghost (journeyman DgIE)
 22375 | Lair:4   | Found a runed translucent door.
 22826 | Lair:5   | Entered Level 5 of the Lair of Beasts
 23098 | Lair:5   | Gained mutation: Your large and strong wings let you fly.
                  | [Gargoyle growth]
 23098 | Lair:5   | Reached XP level 14. HP: 71/88 MP: 4/31
 23899 | Lair:4   | Reached skill level 15 in Conjurations
 25261 | Lair:5   | Found a viscous altar of Jiyva.
 25266 | Lair:5   | Found a staircase to the Slime Pits.
 25942 | Lair:5   | Found a large runed translucent door.
 25943 | Lair:5   | Found a large runed translucent door.
 26453 | Lair:5   | Identified the +9 rapier "Xolir" {vorpal, rElec rF+ Str+6}
 26469 | Lair:5   | Learned a level 4 spell: Fulminant Prism
 26475 | Lair:5   | Learned a level 5 spell: Lee's Rapid Deconstruction
 26480 | Lair:5   | Learned a level 4 spell: Petrify
 26847 | D:13     | Found a runed translucent door.
 27208 | D:13     | Found Usosips's Magic Scroll Emporium.
 27216 | D:13     | Bought a scroll of teleportation for 45 gold pieces
 27216 | D:13     | Bought a scroll of teleportation for 45 gold pieces
 27216 | D:13     | Bought a scroll of teleportation for 45 gold pieces
 27216 | D:13     | Bought a scroll of silence for 142 gold pieces
 27216 | D:13     | Bought a scroll of vulnerability for 60 gold pieces
 27216 | D:13     | Bought a scroll of teleportation for 45 gold pieces
 27217 | D:13     | Bought a scroll of enchant armour for 112 gold pieces
 27217 | D:13     | Bought a scroll of identify for 30 gold pieces
 27926 | Orc:1    | Entered Level 1 of the Orcish Mines
 27939 | Orc:1    | Paralysed by an orc sorcerer for 3 turns
 28293 | Orc:1    | Found Jeirphett's General Store.
 28504 | Orc:2    | Entered Level 2 of the Orcish Mines
 28515 | Orc:2    | Noticed Snorg
 28527 | Orc:2    | Killed Snorg
 28779 | Orc:1    | Reached XP level 15. HP: 89/96 MP: 30/33
 29488 | Orc:2    | Found a transporter.
 29509 | Orc:2    | Identified the +9 great mace of Qacsyf {venom, rC- Str+4
                  | Int+4}
 29509 | Orc:2    | Noticed Kazon's ghost (adept DsFi)
 30128 | Orc:2    | Found a staircase to the Elven Halls.
 30516 | Orc:2    | Reached skill level 16 in Conjurations
 31057 | Orc:2    | Found Zegahe's Book Shoppe.
 31061 | Orc:2    | Found Qoxtar's General Store.
 31068 | Orc:2    | Found Vyer's Armour Shop.
 31070 | Orc:2    | Found Cahep's Jewellery Shoppe.
 31207 | Orc:2    | Bought a book of Alchemy for 392 gold pieces
 31219 | Orc:2    | Bought the ring "Peliwikh" {rN+ Will- Int+7 Dex+4 SInv} for
                  | 751 gold pieces
 31253 | Orc:2    | Found a transporter.
 31280 | Orc:1    | Bought a scroll of acquirement for 728 gold pieces
 31280 | Orc:1    | Acquired 977 gold pieces
 31303 | Orc:1    | Learned a level 5 spell: Irradiate
 31312 | Orc:1    | Learned a level 8 spell: Lehudib's Crystal Spear
 31705 | D:14     | Found Ogged Porch's One-of-a-Kind Rings.
 31945 | D:14     | Demolished by a boulder beetle

Illustrated notes

Levels and vault maps discovered:
D:1:      mainiacjoe_arrival_reflecting_pool, layout_basic,
          shapermc_ecumenical_altar_mp_ritualfount, minmay_misc_feat_pillars
D:2:      minmay_door_path, layout_loops_ring, uniq_sigmund, uniq_natasha,
          uniq_robin
D:3:      layout_loops_ring, gammafunk_temple_overflow_statue,
          portal_sewer_entry_c, kennysheep_generic_room_11, uniq_jessica
D:4:      layout_basic, mainiacjoe_overflow_six_doors_small,
          nicolae_qazlal_scattered_showers, minmay_manual_moon, uniq_eustachio
D:5:      layout_loops_corners, nicolae_uskayaw_suspiria,
          chequers_ossuary_entry_cave, uniq_pikel
D:6:      layout_basic, nicolae_elyvilon_peaceful_grove,
          mainiacjoe_overflow_paths, uniq_edmund, uniq_grinder,
          uniq_crazy_yiuf_cottage
D:7:      layout_cave_pods, mainiacjoe_overflow_brackets,
          minmay_temple_entry_offerings, serial_park, serial_park_tiny_1,
          serial_park_fountain, serial_park_square2, serial_park_square3
          [serial_park_minivault_5x5_5], minivault_22, minivault_24,
          nicolae_elemental_shop, uniq_prince_ribbit1
D:8:      layout_gridville, lemuel_mausoleum_altar_yredelemnul,
          gammafunk_ghost_wrathful_warriors, uniq_erica
D:9:      layout_gridville, gammafunk_temple_overflow_wave,
          nicolae_overflow_crystal_walls, lair_entry_dummy, uniq_psyche,
          uniq_maurice
D:10:     minmay_s_stair_smasher, layout_cave_pools,
          mainiacjoe_overflow_alcove_1, orc_0_dummy, uniq_lodul
D:11:     layout_roguey
D:12:     layout_grid_maze, uniq_kirke
D:13:     cheibrodos_shockbox, layout_basic, serial_shops, shop
D:14:     layout_roguey, lightli_vaults_fourway_checkpoint,
          kennysheep_cluttered_room, nicolae_shop_unique_rings
Temple:   hellmonk_temple_beads
Lair:1:   lemuel_reptile_caves, layout_regular_city, serial_forest,
          infiniplex_forest_straight_2, infiniplex_forest_straight_3,
          infiniplex_forest_clump_diagonal, infiniplex_forest_lined_room_3,
          infiniplex_forest_end_1, infiniplex_forest_lined_corner,
          infiniplex_forest_lined_3
Lair:2:   layout_gridlike, shoals_dummy_entry
Lair:3:   layout_chaotic_city, hellmonk_spider_entry_not_the_bees
Lair:4:   layout_gridlike, hellmonk_ghost_happy_afterlife
Lair:5:   cheibrodos_lair_end_hotspot, layout_regular_city,
          dpeg_slime_entry_corner, serial_bayou_shore_b
Orc:1:    layout_caves, serial_shops, nicolae_shop_trees, minmay_orc_temple_b
Orc:2:    st_orc_elflike, layout_caves, gammafunk_ghost_smash, basic_altar,
          uniq_snorg

Skill      XL: |  1  2  3  4  5  6  7  8  9 10 11 12 13 14 15 |
---------------+----------------------------------------------+-----
Transmutations | 1 |  1.5
Earth Magic    | 4 5 6 7 8 9 10 11 12 13 | 13.5
Fighting       | 1 2 3 4 5 7 8 9 10 12 | 12.4
Spellcasting   | 3 4 5 6 7 8 10 11 13 14 | 14.9
Conjurations   | 1 2 3 5 7 9 11 12 14 15 16 | 16.1
Armour         | 3 5 6 |  6.0
Polearms       | 3 4 6 7 8 |  8.3
Dodging        | |  1.5
Stealth        | |  2.1

Action                   |  1- 3 |  4- 6 |  7- 9 | 10-12 | 13-15 || total
-------------------------+-------+-------+-------+-------+-------++-------
Melee: Club              |    18 |       |       |       |       ||    18
       Dagger            |    11 |    44 |       |       |       ||    55
       Spear             |       |    18 |    10 |       |       ||    28
       Trident           |       |       |    74 |   345 |   556 ||   975
       Punch             |       |       |     1 |     8 |    12 ||    21
Throw: Boomerang         |       |    39 |    12 |    20 |    46 ||   117
       Dart              |       |    11 |     4 |    13 |       ||    28
       Throwing net      |       |       |       |     1 |       ||     1
 Cast: Sandblast         |    44 |    64 |    71 |    25 |     1 ||   205
       Stone Arrow       |       |    17 |    56 |   218 |   329 ||   620
       Lightning Bolt    |       |       |       |       |    58 ||    58
       Lee's Rapid Decon |       |       |       |       |    51 ||    51
       Fulminant Prism   |       |       |       |       |    54 ||    54
       Petrify           |       |       |       |       |     9 ||     9
       Leda's Liquefacti |       |       |       |       |     2 ||     2
  Use: Scroll            |       |     6 |     8 |     8 |    12 ||    34
       Potion            |       |       |     1 |     3 |     6 ||    10
 Stab: Sleeping          |     1 |       |     1 |       |       ||     2
       Paralysed         |       |     1 |       |    18 |    33 ||    52
       Petrifying        |       |       |       |       |     1 ||     1
       Petrified         |       |       |       |       |     1 ||     1
Armor: Robe              |    27 |    28 |    42 |       |       ||    97
       Leather armour    |       |       |    18 |       |       ||    18
       Scale mail        |       |       |    34 |   542 |   704 ||  1280
Dodge: Dodged            |    52 |    60 |    80 |   254 |   400 ||   846
